 Dungeon Sprint DCSS version 0.29-a0-284-gf9362112df (webtiles) character file.

Game seed: 15209017122923252633

39034 mhtbhm the Executioner (level 13, -5/186 HPs)
             Began as a Human Berserker on Mar 19, 2022.
             Was the Champion of Trog.
             Slain by an azure jelly (8 damage)
             ... in the Dungeon (Sprint III: "The Ten Rune Challenge").
             The game lasted 00:08:02 (7027 turns).

mhtbhm the Executioner (Human Berserker)            Turns: 7027, Time: 00:08:02

Health: -5/186     AC:  7    Str: 21    XL:     13   Next: 55%
Magic:  13/13      EV: 19    Int: 13    God:    Trog [******]
Gold:   830        SH:  0    Dex: 17    Spells: 12/12 levels left

rFire   . . .      SeeInvis .   a - +6 executioner's axe (vorpal)
rCold   + . .      Faith    .   (shield currently unavailable)
rNeg    . . .      Spirit   .   b - +0 leather armour {rPois}
rPois   +          Reflect  .   c - +0 hat {Int+3}
rElec   .          Harm     .   l - +2 cloak
rCorr   .          Rampage  .   (no gloves)
Will    .....      NoTele   +   (no boots)
Stlth   ..........              (no amulet)
HPRegen 0.41/turn               D - ring "Wiajocw" {rC+ Dex+3 Slay+4}
MPRegen 0.13/turn               (no ring)

@: berserking, very quick
A: horns 1, clever 1, sense surroundings 1, wild magic 1
}: 1/10 runes: barnacled
a: Renounce Religion, Berserk, Trog's Hand, Brothers in Arms


You were in the Dungeon.
You worshipped Trog.
Trog was exalted by your worship.
You visited 1 branch You collected 2139 gold pieces.
You spent 1309 gold pieces at shops.

Inventory:

Hand Weapons
 a - a +6 vorpal executioner's axe (weapon)
 t - a +6 hand axe of flaming
 u - the +14 obsidian axe {vorpal, Mesm Drain Fly SInv}
   (Trog gifted it to you in the Dungeon)

   It inflicts extra damage upon your enemies.
   It occasionally summons demons to assist the wielder when it strikes in
   combat.
   Its wielder is mesmerised by any visible foes.
   It cannot be unequipped while any foes are visible.
   SInv:      It lets you see invisible.
   Fly:       It grants you flight.
   Drain:     It drains your maximum health when unequipped.
 v - a +2 war axe of holy wrath
Missiles
 e - 5 curare-tipped darts (quivered)
 C - 7 silver javelins
Armour
 b - a +0 leather armour of poison resistance (worn)
 c - a +0 hat of intelligence (worn)
 l - a +2 cloak (worn)
 w - a +2 kite shield of reflection
Jewellery
 D - the ring "Wiajocw" (left hand) {rC+ Dex+3 Slay+4}
   (You bought it in a shop in the Dungeon)

   [ring of slaying]

   Dex:       It affects your dexterity (+3).
   Slay:      It affects your accuracy & damage with ranged weapons and melee
   (+4).
   rC:        It protects you from cold.
Wands
 k - a wand of polymorph (4)
 r - a wand of mindburst (17)
 y - a wand of iceblast (12)
Scrolls
 h - a scroll of blinking
 i - 2 scrolls of immolation {unknown}
 j - a scroll of enchant armour {unknown}
 n - a scroll of identify {unknown}
 p - a scroll of holy word {unknown}
 q - a scroll of enchant weapon {unknown}
 x - a scroll of magic mapping {unknown}
Potions
 d - 5 potions of heal wounds
 f - 3 potions of magic
 g - 4 potions of berserk rage
 m - 2 potions of mutation
 o - a potion of lignification {unknown}
 z - a potion of invisibility {unknown}
 A - a potion of haste
 B - a potion of curing
Miscellaneous
 s - a phial of floods


   Skills:
 + Level 18.6 Fighting
 + Level 23.3 Axes
 + Level 2.0 Throwing
 + Level 10.1 Armour
 + Level 13.0 Dodging
 + Level 6.7 Stealth


You had 12 spell levels left.
You didn't know any spells.
Your spell library was empty.

Dungeon Overview and Level Annotations

Branches:
Dungeon (1/1)

Altars:
Cheibriados
Dithmenos
Elyvilon
Fedhas
Gozag
Hepliaklqana
Kikubaaqudgha
Makhleb
Nemelex Xobeh
Okawaru
Qazlal
Ru
Sif Muna
Trog
Uskayaw
Vehumet
Wu Jian
Xom
Yredelemnul
Zin
The Shining One
Beogh
Jiyva
Lugonu

Shops:
D :!=[


Innate Abilities, Weirdness & Mutations

You have a pair of small horns on your head.
Your mind is acute. (Int +2)
You passively map a small area around you.
Your spells are a little harder to cast, but a little more powerful.


Message History

The azure jelly jiggles.
Your Axes skill increases to level 23!
Unknown command.
You slash the azure jelly! Your headbutt misses the azure jelly.
The azure jelly is lightly wounded.
The azure jelly hits you! The azure jelly freezes you!! You resist.
The azure jelly hits you. The azure jelly freezes you!! You resist.
The azure jelly hits you but does no damage.
The azure jelly hits you.
You slash the azure jelly!
The azure jelly is moderately wounded.
You slash the azure jelly! You headbutt the azure jelly!
The azure jelly is severely wounded.
The azure jelly barely misses you. x2; The azure jelly hits you!
* * * LOW HITPOINT WARNING * * *
The azure jelly hits you but does no damage.
You cut the azure jelly into ribbons!!!
You kill the azure jelly!
Trog accepts your kill.
Your Dodging skill increases to level 13!
You slice the azure jelly like a ripe choko!!!
The azure jelly is heavily wounded.
You barely miss the azure jelly. Your headbutt misses the azure jelly.
The azure jelly is heavily wounded.
The azure jelly hits you!
* * * LOW HITPOINT WARNING * * *
The azure jelly freezes you! You resist.
* * * LOW HITPOINT WARNING * * *
The azure jelly completely misses you. The azure jelly barely misses you. x2
Unknown command.
You slice the azure jelly!!
You headbutt the azure jelly, but do no damage.
The azure jelly is severely wounded.
The azure jelly barely misses you. The azure jelly hits you!
* * * LOW HITPOINT WARNING * * *
The azure jelly freezes you!! You resist.
* * * LOW HITPOINT WARNING * * *
The azure jelly hits you but does no damage.
The azure jelly hits you!
You die...

▓.................#_
▓▓▓▓▓▓▓▓▓▓▓▓▓▓▓▓▓▓▓▓
▓...'≈≈§§≈≈≈≈≈♣♣...
▓..÷#≈≈≈§§§≈≈≈♣♣.≈≈
▓..)#≈≈§≈§§≈≈≈)'...
▓...#.≈.§≈≈≈≈≈♣♣♣♣♣
▓...#≈≈§≈≈§§.≈♣
▓##+####'#######♣
▓.@......)......♣
▓#J#############+*
.J.# ,, , ▓...+≈ *
** ** ▓...# ≈ ,, ,,
▓...#≈ , , #+#### ,
* * * * , *


You could see 2 azure jellies.

Vanquished Creatures
  Rupert (D)
  A kraken (D)
  Gastronok (D)
  Frances (D)
  2 azure jellies (D)
  Donald (D)
  2 dire elephants (D)
  Josephine (D)
  2 hydras (D)
  4 alligator snapping turtles (D)
  A centaur warrior (D)
  Urug (D)
  2 deep elf knights (D)
  A death drake (D)
  A lindwurm (D)
  2 deep elf zephyrmancers (D)
  2 deep elf pyromancers (D)
  2 elephants (D)
  2 cane toads (D)
  2 unseen horrors (D)
  A rime drake (D)
  A komodo dragon (D)
  A queen bee (D)
  2 tyrant leeches (D)
  5 blink frogs (D)
  2 snapping turtles (D)
  A shadow (D)
  3 wandering mushrooms (D)
  3 redbacks (D)
  A spatial vortex (D)
  3 orc warriors (D)
  A swamp drake (D)
  2 centaurs (D)
  An earth elemental (D)
  A necrophage (D)
  A water elemental (D)
  16 killer bees (D)
  An electric eel (D)
  4 orc priests (D)
  A jelly (D)
  Crazy Yiuf (D)
  Jessica (D)
  2 orc wizards (D)
  A necromancer (D)
  3 humans (D)
  A kobold demonologist (D)
  7 orcs (D)
  An endoplasm (D)
  2 rats (D)
  A plant (D)
  2 tentacles (D)
105 creatures vanquished.

Vanquished Creatures (collateral kills)
  An orc warrior (D)
  16 killer bees (D)
  An orc (D)
18 creatures vanquished.

Vanquished Creatures (others)
  A wizard (D)
  3 fungi (D)
  6 plants (D)
  7 tentacles (D)
17 creatures vanquished.

Grand Total: 140 creatures vanquished

Notes
Turn   | Place    | Note
-------+----------+-------------------------------------------
     0 | D        | mhtbhm the Human Berserker began the quest for the Orb.
     0 | D        | Reached XP level 1. HP: 18/18 MP: 1/1
    56 | D        | Noticed Jessica
    58 | D        | Reached ** piety under Trog
    65 | D        | Killed Jessica
    66 | D        | Reached skill level 4 in Axes
    66 | D        | Reached XP level 2. HP: 4/26 MP: 2/2
    66 | D        | Reached XP level 3. HP: 5/32 MP: 3/3
   357 | D        | Noticed Crazy Yiuf
   374 | D        | Killed Crazy Yiuf
   375 | D        | Reached skill level 5 in Fighting
   375 | D        | Reached skill level 5 in Axes
   375 | D        | Reached XP level 4. HP: 39/39 MP: 4/4
   463 | D        | Gained mutation: Armour fits poorly on your strangely
                  | shaped body. [potion of mutation]
   464 | D        | Lost mutation: Armour fits poorly on your strangely shaped
                  | body. [potion of mutation]
   464 | D        | Gained mutation: Your mind is acute. (Int +2) [potion of
                  | mutation]
   464 | D        | Gained mutation: You passively map a small area around you.
                  | [potion of mutation]
   464 | D        | Gained mutation: You have a pair of small horns on your
                  | head. [potion of mutation]
   464 | D        | Gained mutation: Your spells are a little harder to cast,
                  | but a little more powerful. [potion of mutation]
   465 | D        | Noticed a water elemental
   472 | D        | Killed a water elemental
   472 | D        | Reached *** piety under Trog
   473 | D        | Reached skill level 6 in Axes
   473 | D        | Reached XP level 5. HP: 27/47 MP: 5/5
   654 | D        | Found a basalt altar of Yredelemnul.
   654 | D        | Found a shadowy altar of Dithmenos.
   654 | D        | Found a sacrificial altar of Ru.
   671 | D        | Reached skill level 7 in Axes
   671 | D        | Reached XP level 6. HP: 8/55 MP: 6/6
   673 | D        | Reached skill level 8 in Axes
   995 | D        | Found a hide-covered altar of Uskayaw.
   995 | D        | Found an iron altar of Okawaru.
   995 | D        | Found a bloodstained altar of Trog.
   995 | D        | Found an ornate altar of the Wu Jian Council.
   995 | D        | Noticed a human
   996 | D        | Noticed a human
  1003 | D        | Killed a human
  1004 | D        | Reached skill level 9 in Axes
  1004 | D        | Reached skill level 5 in Dodging
  1010 | D        | Killed a human
  1010 | D        | Reached **** piety under Trog
  1011 | D        | Reached skill level 10 in Axes
  1011 | D        | Reached XP level 7. HP: 41/64 MP: 7/7
  1191 | D        | Found a radiant altar of Vehumet.
  1191 | D        | Found a shimmering blue altar of Sif Muna.
  1191 | D        | Found an ancient bone altar of Kikubaaqudgha.
  1306 | D        | Found a glowing silver altar of Zin.
  1306 | D        | Found a glowing golden altar of the Shining One.
  1306 | D        | Found a white marble altar of Elyvilon.
  1307 | D        | Noticed a deep elf pyromancer
  1316 | D        | Killed a deep elf pyromancer
  1317 | D        | Reached skill level 10 in Fighting
  1317 | D        | Reached skill level 11 in Axes
  1317 | D        | Reached skill level 5 in Armour
  1317 | D        | Reached XP level 8. HP: 51/73 MP: 8/8
  1501 | D        | Reached ***** piety under Trog
  1538 | D        | Noticed a shadow
  1545 | D        | Killed a shadow
  1546 | D        | Reached skill level 12 in Axes
  1578 | D        | Found a blossoming altar of Fedhas.
  1578 | D        | Found a stormy altar of Qazlal.
  1578 | D        | Found a snail-covered altar of Cheibriados.
  1578 | D        | Found a burning altar of Makhleb.
  1578 | D        | Found a shimmering altar of Xom.
  1579 | D        | Found a hazy altar of Hepliaklqana.
  1579 | D        | Found an opulent altar of Gozag.
  1579 | D        | Found a sparkling altar of Nemelex Xobeh.
  1579 | D        | Found a corrupted altar of Lugonu.
  1579 | D        | Found a viscous altar of Jiyva.
  1661 | D        | Noticed Josephine
  1673 | D        | Killed Josephine
  1674 | D        | Reached skill level 13 in Axes
  1674 | D        | Reached skill level 1 in Stealth
  1674 | D        | Reached XP level 9. HP: 82/82 MP: 9/9
  1733 | D        | Received a gift from Trog
  1907 | D        | Noticed a centaur warrior
  1912 | D        | Killed a centaur warrior
  1913 | D        | Reached skill level 14 in Axes
  2038 | D        | Killed an unseen horror
  2039 | D        | Reached skill level 15 in Axes
  2039 | D        | Reached XP level 10. HP: 75/91 MP: 3/10
  2059 | D        | Killed an unseen horror
  2328 | D        | Received a gift from Trog
  2395 | D        | Found Qadips's Book Shop.
  2409 | D        | Reached skill level 16 in Axes
  2409 | D        | Received a gift from Trog
  2411 | D        | Reached ****** piety under Trog
  2411 | D        | Received a gift from Trog
  2638 | D        | Noticed a deep elf knight
  2638 | D        | Noticed a deep elf zephyrmancer
  2638 | D        | Noticed a deep elf pyromancer
  2638 | D        | Noticed a deep elf knight
  2638 | D        | Noticed a deep elf zephyrmancer
  2651 | D        | Killed a deep elf knight
  2654 | D        | Killed a deep elf knight
  2655 | D        | Reached skill level 10 in Dodging
  2655 | D        | Killed a deep elf pyromancer
  2655 | D        | Received a gift from Trog
  2655 | D        | Found the +14 obsidian axe {vorpal, Mesm Drain Fly SInv}
  2656 | D        | Reached skill level 17 in Axes
  2656 | D        | Reached XP level 11. HP: 86/100 MP: 11/11
  2656 | D        | Noticed a deep elf pyromancer
  2656 | D        | Noticed a deep elf annihilator
  2658 | D        | Noticed a deep elf demonologist
  2662 | D        | Noticed a deep elf death mage
  2667 | D        | Killed a deep elf zephyrmancer
  2671 | D        | Killed a deep elf zephyrmancer
  3181 | D        | Received a gift from Trog
  3205 | D        | Received a gift from Trog
  3221 | D        | Received a gift from Trog
  3225 | D        | Reached skill level 18 in Axes
  3229 | D        | Received a gift from Trog
  3232 | D        | Reached skill level 15 in Fighting
  3501 | D        | Noticed Donald
  3501 | D        | Noticed Frances
  3512 | D        | Killed Donald
  3512 | D        | Received a gift from Trog
  3521 | D        | Killed Frances
  3522 | D        | Reached skill level 19 in Axes
  3781 | D        | Reached XP level 12. HP: 38/110 MP: 12/12
  4099 | D        | Received a gift from Trog
  4306 | D        | Noticed Rupert
  4321 | D        | Paralysed by Rupert for 5 turns
  4327 | D        | Killed Rupert
  4328 | D        | Reached skill level 20 in Axes
  4494 | D        | Noticed a dire elephant
  4494 | D        | Noticed a dire elephant
  4494 | D        | Noticed Gastronok
  4502 | D        | Killed a dire elephant
  4503 | D        | Reached skill level 1 in Throwing
  4503 | D        | Reached skill level 5 in Stealth
  4505 | D        | Killed a dire elephant
  4520 | D        | Killed Gastronok
  4520 | D        | Received a gift from Trog
  4521 | D        | Reached skill level 21 in Axes
  5219 | D        | Noticed Urug
  5227 | D        | Killed Urug
  5446 | D        | Noticed an eight-headed hydra
  5446 | D        | Noticed a four-headed hydra
  5458 | D        | Killed a three-headed hydra
  5459 | D        | Reached XP level 13. HP: 62/121 MP: 13/13
  5719 | D        | Killed a one-headed hydra
  5720 | D        | Reached skill level 22 in Axes
  5969 | D        | Noticed a kraken
  6024 | D        | Killed a kraken
  6024 | D        | Received a gift from Trog
  6181 | D        | Noticed an alligator snapping turtle
  6313 | D        | Killed an alligator snapping turtle
  6367 | D        | Noticed an alligator snapping turtle
  6369 | D        | Noticed an alligator snapping turtle
  6384 | D        | Killed an alligator snapping turtle
  6385 | D        | Reached skill level 10 in Armour
  6391 | D        | Killed an alligator snapping turtle
  6652 | D        | Found Xexankufug's Distillery.
  6652 | D        | Found Qykhuli's Jewellery Shop.
  6652 | D        | Found Etielehi's Antique Armour Boutique.
  6652 | D        | Noticed an alligator snapping turtle
  6669 | D        | Killed an alligator snapping turtle
  6807 | D        | Got a barnacled rune of Zot
  6812 | D        | Bought a potion of heal wounds for 65 gold pieces
  6812 | D        | Bought a potion of heal wounds for 65 gold pieces
  6813 | D        | Bought the ring "Wiajocw" {rC+ Dex+3 Slay+4} for 1179 gold
                  | pieces
  7013 | D        | Noticed an azure jelly
  7013 | D        | Noticed an azure jelly
  7013 | D        | Noticed an azure jelly
  7013 | D        | Noticed an azure jelly
  7020 | D        | Killed an azure jelly
  7020 | D        | Identified the +2 battleaxe of Xepailot {flame, Drain
                  | Will++ Str+9 Dex-4} (Trog gifted it to you in the Dungeon)
  7020 | D        | Received a gift from Trog
  7021 | D        | Reached skill level 23 in Axes
  7024 | D        | Killed an azure jelly
  7027 | D        | HP: 3/186 [azure jelly (22)]
  7027 | D        | Slain by an azure jelly

Illustrated notes

Levels and vault maps discovered:
D:        dungeon_sprint_mu [sprint_mu_entry_forest, sprint_mu_temple_rooms,
          sprint_mu_d1_horrors, sprint_mu_d2_genie, sprint_mu_d3_branching,
          sprint_mu_orc_legion, sprint_mu_elf_gauntlet, sprint_mu_hive_nellie,
          sprint_mu_lair_fedhas, sprint_mu_vaults_butterflies,
          sprint_mu_slime_circle, sprint_mu_swamp_cave, sprint_mu_shoals_kraken,
          sprint_mu_blade_basic, sprint_mu_crypt_chambers,
          sprint_mu_tomb_spiral, sprint_mu_vestibule_basic,
          sprint_mu_gehenna_hellfire, sprint_mu_dis_giant,
          sprint_mu_tartarus_statrot, sprint_mu_cocytus_islands, sprint_mu_zot1]

Skill      XL: |  1  2  3  4  5  6  7  8  9 10 11 12 13 |
---------------+----------------------------------------+-----
Fighting       | 4 5 6 7 9 10 11 12 14 15 17 18 | 18.6
Axes           | 4 5 6 7 10 11 13 15 17 19 21 23 | 23.3
Dodging        | 3 4 5 7 8 9 10 11 12 13 | 13.0
Armour         | 3 4 5 6 8 9 10 | 10.1
Stealth        | 1 2 3 6 |  6.7
Throwing       | 2 |  2.0

Action                   |  1- 3 |  4- 6 |  7- 9 | 10-12 | 13-15 || total
-------------------------+-------+-------+-------+-------+-------++-------
Melee: Hand axe          |    20 |    35 |    54 |    17 |    13 ||   139
       Headbutt          |       |     5 |    22 |    37 |    23 ||    87
       Battleaxe         |       |       |    10 |    29 |       ||    39
       Executioner's axe |       |       |       |   155 |    53 ||   208
Throw: Dart              |       |       |       |     3 |       ||     3
Invok: Berserk           |     2 |     3 |     4 |     9 |     7 ||    25
       Brothers in Arms  |       |       |       |     4 |       ||     4
  Use: Potion            |       |     2 |       |     3 |       ||     5
 Stab: Sleeping          |       |       |       |     4 |       ||     4
Armor: Animal skin       |     1 |     1 |       |       |       ||     2
       Ring mail         |       |       |    13 |    19 |       ||    32
       Leather armour    |       |       |       |    18 |     9 ||    27
Dodge: Dodged            |    10 |    15 |    16 |   126 |    31 ||   198

Table legend: (Time is in decaauts)
 A = Elapsed time spent in this place.
 B = Non-inter-level travel time spent in this place.
 C = Inter-level travel time spent in this place.
 D = Time resting spent in this place.
 E = Time spent auto-exploring this place.
 F = Levels seen in this place.
 G = Mean time per level.
                   A        B        C        D        E       F      G
               +--------+--------+--------+--------+--------+-----+--------+
         Total |   7247 |   7206 |     41 |   5763 |    125 |   1 | 7247.0 |
       Dungeon |   7247 |   7206 |     41 |   5763 |    125 |   1 | 7247.0 |
               +--------+--------+--------+--------+--------+-----+--------+

Top non-repeatable levels by time:
       D: 7247 daAuts
